Map: 2000 Atmospheres LE

Players

Kas - Winner!

  • Race: Terran Terran
  • League: Grandmaster

goblin

  • Race: Protoss Protoss
  • League: Master

Event: DreamHack SC2 Masters 2021 Summer

VOD

Have the link to the VOD?

Description

Time

  • Played on: May 27, 2021, 1:33 p.m.
  • Length: 17:59

All games in this series

Show
View Real Time Build Order
Export as new Build Order

Kas Terran - Winner!

Build Orders: Reaper Expand 

Get SALT Encoding   

  12  0:00  SCV  
  13  0:12  SCV  
  14  0:16  Supply Depot  
  14  0:24  SCV  
  15  0:38  SCV  
  15  0:40  Barracks  
  16  0:43  Refinery  
  16  0:50  SCV  
  17  1:02  SCV  
  18  1:14  SCV  
  19  1:27  Reaper, Orbital Command  
  20  1:51  Command Center  
  20  1:56  SCV  
  20  2:01  Marine, Supply Depot  
  22  2:08  SCV  
  22  2:11  Factory  
  23  2:16  Bunker  
  23  2:22  Barracks Reactor, SCV  
  24  2:34  SCV  
  24  2:35  Refinery  
  25  2:48  SCV  
  26  2:58  Starport  
  26  2:59  Marine x2  
  26  3:01  SCV  
  26  3:03  Orbital Command  
  29  3:06  Widow Mine  
  31  3:13  SCV  
  31  3:17  Marine x2  
  34  3:25  SCV  
  35  3:27  Factory Tech Lab  
  35  3:31  SCV  
  36  3:34  Supply Depot  
  36  3:35  Marine x2  
  36  3:38  SCV  
  36  3:39  Viking  
  41  3:43  SCV  
  41  3:46  Cyclone  
  45  3:50  SCV  
  46  3:56  Marine x2  
  46  3:57  SCV  
  46  3:59  Supply Depot  
  46  4:02  SCV  
  50  4:04  Supply Depot  
  50  4:09  SCV  
  51  4:12  Viking  
  51  4:14  SCV  
  54  4:20  Marine x2  
  54  4:21  Widow Mine  
  54  4:22  SCV  
  59  4:26  Supply Depot  
  59  4:28  SCV  
  59  4:34  SCV  
  60  4:40  SCV  
  60  4:42  Viking  
  60  4:43  Command Center  
  60  4:44  Widow Mine  
  65  4:49  SCV  
  65  4:50  Marine  
  67  4:58  SCV, Supply Depot  
  68  5:01  Barracks  
  68  5:02  SCV, Barracks  
  68  5:04  Marine  
  72  5:07  Widow Mine  
  72  5:08  Marine  
  73  5:18  Viking  
  73  5:20  SCV  
  76  5:22  Refinery x2  
  76  5:24  Engineering Bay  
  76  5:27  SCV, Engineering Bay  
  77  5:32  SCV  
  76  5:38  Marine x2  
  76  5:39  SCV  
  79  5:43  Supply Depot  
  79  5:44  SCV  
  79  5:49  Factory Reactor  
  80  5:51  SCV  
  80  5:53  Starport Reactor  
  80  5:56  SCV  
  81  6:04  SCV  
  82  6:05  Orbital Command  
  82  6:08  SCV, Terran Infantry Weapons Level 1  
  82  6:09  Terran Infantry Armor Level 1, Barracks Tech Lab, Stimpack  
  82  6:10  Marauder, Marine x2  
  87  6:15  Missile Turret  
  87  6:16  SCV  
  88  6:20  SCV  
  89  6:27  Widow Mine x2  
  89  6:28  SCV, Barracks, Orbital Command  
  89  6:30  Barracks  
  89  6:32  SCV  
  95  6:35  Marine  
  95  6:36  Marine x2, Missile Turret  
  95  6:39  Marauder  
  100  6:40  SCV, Combat Shield  
  100  6:41  Viking  
  100  6:44  SCV  
  104  6:48  Viking  
  104  6:52  SCV  
  107  6:54  SCV  
  107  6:55  Missile Turret  
  107  6:56  SCV  
  109  7:07  Supply Depot  
  109  7:08  Supply Depot  
  109  7:09  Supply Depot  
  109  7:12  Refinery  
  109  7:13  Refinery  
  109  7:18  SCV, Marine, Viking  
  109  7:19  Marauder x2  
  109  7:21  Barracks Tech Lab  
  117  7:29  SCV x2  
  119  7:30  SCV  
  120  7:37  Marine x2  
  120  7:39  Armory  
  120  7:40  Marauder x2  
  120  7:41  SCV x2, Marine  
  120  7:42  Marine  
  120  7:43  SCV, Factory Reactor  
  131  7:47  Starport  
  131  8:03  Marauder x2, Marine x3  
  131  8:04  Viking  
  140  8:05  Command Center  
  140  8:09  SCV  
  140  8:12  Supply Depot  
  141  8:15  Supply Depot  
  141  8:16  SCV, Viking  
  141  8:19  SCV  
  143  8:23  Marauder  
  143  8:25  Terran Infantry Weapons Level 2, Marauder  
  143  8:26  Terran Infantry Armor Level 2  
  147  8:30  SCV  
  147  8:32  Marine  
  147  8:34  Marauder, Marine x2  
  153  8:35  Marine  
  153  8:41  SCV x2  
  156  8:42  Medivac x2  
  156  8:43  Medivac  
  156  8:44  Marauder  
  164  8:49  Marine  
  164  8:52  Marine  
  164  9:01  Marine  
  165  9:07  Medivac  
  165  9:15  Terran Ship Weapons Level 1  
  165  9:16  Supply Depot  
  165  9:17  SCV x3, Marauder x2, Marine, Supply Depot  
  165  9:19  Supply Depot, Fusion Core  
  165  9:22  Planetary Fortress  
  171  9:24  Missile Turret  
  171  9:26  Bunker, Liberator  
  171  9:27  Liberator x2  
  180  9:37  SCV x3, Marine x3  
  186  9:39  Supply Depot  
  186  9:40  Refinery x2  
  186  9:49  SCV x2  
  188  9:56  Marauder x2, Marine x2  
  188  9:57  Marauder, Marine  
  197  10:02  Factory Reactor  
  197  10:04  Barracks  
  188  10:07  Barracks  
  188  10:08  Barracks  
  188  10:13  Concussive Shells  
  176  10:22  Marauder  
  176  10:26  Marauder x2, Marine x4  
  176  10:27  Medivac x2  
  179  10:39  SCV x2  
  179  10:42  Advanced Ballistics, SCV  
  182  10:43  Marauder  
  182  10:48  Marauder x2, Liberator, Command Center x2  
  182  10:49  Liberator  
  194  10:53  Command Center  
  194  10:58  Barracks Tech Lab x2  
  194  11:03  Terran Infantry Weapons Level 3, Terran Infantry Armor Level 3  
  194  11:07  Liberator  
  176  11:29  Marauder  
  176  11:31  Marauder x2  
  156  11:37  SCV x2  
  128  11:49  Marauder  
  128  11:52  Marauder x2, Marine x4  
  128  11:54  Marauder x2  
  130  11:59  Marine  
  130  12:00  Liberator x2, Marine  
  132  12:01  Orbital Command  
  132  12:02  Orbital Command  
  132  12:05  Planetary Fortress  
  132  12:08  SCV  
  133  12:10  Marauder, Marine  
  133  12:12  Marine x3  
  133  12:14  Marauder x2  
  133  12:15  SCV, Marauder  
  145  12:16  SCV x2  
  145  12:17  Sensor Tower  
  145  12:21  Terran Ship Weapons Level 2  
  148  12:25  Marauder, Marine  
  148  12:29  SCV x2  
  150  12:31  Marauder  
  150  12:33  Marine  
  150  12:35  Marauder x2  
  150  12:36  Marauder  
  153  12:45  Marine x3  
  153  12:46  Marauder, Medivac x2  
  153  12:49  SCV  
  153  12:50  Liberator  
  166  12:52  Medivac  
  166  12:53  Marauder, Marine  
  166  12:55  Marine  
  166  12:56  Marauder x2  
  166  12:58  Marauder  
  178  12:59  Marine  
  178  13:00  SCV, Missile Turret  
  178  13:01  SCV  
  178  13:03  SCV, Marine  
  178  13:04  SCV  
  183  13:06  Marine  
  183  13:07  Marauder  
  183  13:08  Marine  
  183  13:11  Marine  
  188  13:14  Marauder  
  178  13:27  Marauder x2, Marine x2  
  148  13:29  Marauder x2, Marine  
  148  13:30  Medivac x3  
  148  13:31  Marine  
  158  13:36  Marauder  
  160  13:46  Marine  
  160  13:48  Marauder x2, Marine x5  
  166  13:49  Medivac  
  166  13:50  Marauder x2  
  176  13:56  Marine  
  176  13:58  Refinery  
  176  13:59  Refinery  
  176  14:00  Command Center, Medivac  
  176  14:01  Ghost Academy  
  179  14:03  Marine  
  179  14:04  Barracks  
  179  14:06  Marine x5  
  179  14:07  SCV, Barracks  
  179  14:08  Barracks  
  187  14:10  Marauder x2  
  187  14:12  Marauder  
  175  14:18  Command Center  
  175  14:32  Ghost x2  
  175  14:34  Marauder x2, Marine x2  
  175  14:37  Marine  
  175  14:38  Marine  
  187  14:42  Marauder, Marine x2  
  183  14:55  Marauder  
  183  14:56  Marauder  
  147  15:01  Marine  
  147  15:02  Marauder x2  
  147  15:03  Marauder  
  152  15:13  Marine x5  
  152  15:15  Barracks Tech Lab, Marine  
  152  15:16  Marine  
  152  15:17  Marauder x2  
  152  15:19  Marine  
  155  15:23  Marauder x2  
  155  15:25  Marauder  
  154  15:31  Marine x5, Planetary Fortress  
  154  15:33  Marine x2  
  161  15:37  Marine  
  161  15:38  Marauder x3, Liberator x2, Command Center, Viking x2  
  178  15:44  Marauder x2  
  178  15:46  Marauder  
  178  15:47  Enhanced Shockwaves  
  178  15:48  Marine  
  178  15:49  Marine x2  
  187  15:50  Marine x2, Terran Vehicle And Ship Armor Level 1  
  187  15:54  Marine x2  
  191  15:59  Marauder, Marine  
  191  16:00  Marauder x2  
  193  16:05  Missile Turret  
  193  16:06  Marauder x2, Marine x2  
  193  16:07  Marauder  
  200  16:35  Command Center  
  200  16:36  Missile Turret  
  156  16:56  Barracks Tech Lab x2, Marauder x3  
  156  16:58  Marine  
  161  17:07  Marauder  
  162  17:09  Liberator x2  
  162  17:11  Marauder x2, Marine x2  
  174  17:17  Marauder  
  174  17:18  Marauder x2  
  180  17:28  Marauder x2, Marine x2  
  180  17:29  Marauder, Marine  
  194  17:30  Marine  
  194  17:32  Marauder x2  
Show
View Real Time Build Order
Export as new Build Order

goblin Protoss 

Build Orders: 1 Gate Expand, Phoenix Opening, Colossus Rush 

Get SALT Encoding   

  12  0:00  Probe  
  13  0:12  Probe  
  14  0:18  Pylon  
  14  0:24  Probe (Chrono Boost)  
  15  0:36  Probe (Chrono Boost)  
  15  0:37  Gateway  
  16  0:45  Probe (Chrono Boost)  
  16  0:46  Assimilator  
  17  0:50  Probe  
  18  1:03  Probe  
  19  1:15  Probe  
  20  1:25  Cybernetics Core  
  20  1:33  Nexus  
  20  1:39  Pylon  
  20  1:43  Probe  
  21  1:48  Assimilator  
  21  1:55  Probe  
  21  1:59  Pylon  
  22  2:02  Adept (Chrono Boost)  
  22  2:08  Probe (Chrono Boost)  
  24  2:19  Probe (Chrono Boost)  
  25  2:23  Probe (Chrono Boost), Stargate  
  26  2:31  Adept  
  26  2:36  Probe  
  29  2:38  Warp Gate  
  29  2:45  Probe (Chrono Boost)  
  31  2:51  Probe (Chrono Boost)  
  31  2:57  Probe (Chrono Boost)  
  32  3:04  Probe x2 (Chrono Boost)  
  34  3:06  Phoenix  
  34  3:11  Probe (Chrono Boost)  
  38  3:17  Probe (Chrono Boost)  
  38  3:19  Shield Battery  
  38  3:22  Probe (Chrono Boost)  
  38  3:23  Stalker  
  42  3:27  Probe x2 (Chrono Boost)  
  42  3:31  Phoenix  
  45  3:38  Robotics Facility  
  45  3:40  Probe  
  46  3:41  Probe  
  46  3:44  Assimilator  
  46  3:47  Assimilator  
  47  3:52  Probe  
  48  3:57  Pylon  
  48  3:58  Probe  
  48  3:59  Phoenix  
  51  4:04  Probe  
  52  4:10  Pylon  
  52  4:14  Probe  
  52  4:15  Gateway  
  52  4:16  Probe  
  54  4:22  Gateway  
  54  4:26  Phoenix  
  54  4:27  Observer (Chrono Boost)  
  54  4:29  Probe  
  58  4:36  Probe, Robotics Bay  
  59  4:40  Observer (Chrono Boost)  
  59  4:41  Probe  
  61  4:48  Probe  
  61  4:51  Phoenix, Pylon  
  64  4:57  Immortal (Chrono Boost)  
  68  5:12  Nexus  
  68  5:19  Phoenix  
  70  5:25  Colossus (Chrono Boost)  
  70  5:28  Probe x2  
  78  5:37  Pylon  
  78  5:39  Shield Battery  
  78  5:46  Shield Battery  
  78  5:47  Pylon  
  78  5:48  Extended Thermal Lance  
  78  5:55  Probe x2, Phoenix (Chrono Boost)  
  78  6:07  Observer  
  78  6:08  Colossus  
  78  6:10  Probe x2  
  78  6:11  Assimilator  
  86  6:17  Assimilator  
  86  6:20  Pylon  
  86  6:22  Phoenix  
  86  6:23  Probe (Chrono Boost)  
  90  6:25  Probe (Chrono Boost)  
  90  6:26  Probe (Chrono Boost)  
  91  6:35  Probe (Chrono Boost)  
  91  6:37  Probe x2 (Chrono Boost)  
  91  6:38  Zealot x2  
  91  6:39  Stalker  
  98  6:41  Probe  
  98  6:44  Shield Battery  
  98  6:47  Probe, Phoenix  
  100  6:52  Probe  
  100  6:53  Probe  
  104  7:00  Probe (Chrono Boost), Twilight Council, Forge  
  105  7:06  Probe (Chrono Boost)  
  107  7:12  Probe (Chrono Boost)  
  114  7:15  Phoenix  
  114  7:16  Probe (Chrono Boost)  
  114  7:17  Probe (Chrono Boost)  
  114  7:19  Pylon  
  114  7:22  Probe  
  110  7:27  Disruptor (Chrono Boost)  
  110  7:32  Protoss Ground Weapons Level 1 (Chrono Boost)  
  110  7:33  Probe  
  110  7:36  Blink  
  108  7:37  Gateway  
  108  7:41  Gateway  
  108  7:42  Gateway  
  108  7:43  Pylon x2  
  108  7:48  Sentry, Stalker x2  
  114  7:59  Disruptor (Chrono Boost)  
  114  8:02  Phoenix  
  119  8:08  Shield Battery  
  119  8:09  Pylon  
  119  8:11  Shield Battery  
  119  8:12  Stalker x3  
  125  8:19  Nexus  
  125  8:21  Pylon  
  125  8:26  Robotics Facility  
  125  8:28  Disruptor  
  128  8:35  Probe x2  
  130  8:42  Gateway, Stalker x2  
  130  8:44  Pylon, Stalker  
  130  8:45  Gateway  
  136  9:05  Disruptor (Chrono Boost)  
  136  9:09  Observer  
  138  9:13  Shield Battery  
  138  9:15  Disruptor (Chrono Boost), Pylon  
  138  9:17  Nexus  
  139  9:30  Shield Battery  
  139  9:32  Disruptor (Chrono Boost), Zealot x2  
  139  9:36  Protoss Ground Weapons Level 2 (Chrono Boost)  
  139  9:37  Charge  
  146  9:38  Stalker  
  146  9:39  Stalker  
  146  9:45  Stalker x4  
  157  9:52  Probe  
  158  9:54  Disruptor (Chrono Boost), Pylon  
  161  10:00  Dark Shrine  
  161  10:01  Zealot x2  
  161  10:02  Zealot  
  160  10:10  Stalker x4  
  153  10:25  Disruptor  
  153  10:29  Robotics Facility  
  153  10:30  Assimilator  
  153  10:31  Assimilator  
  151  10:42  Stalker x8  
  163  11:32  Disruptor (Chrono Boost)  
  146  11:36  Stalker x6  
  132  11:49  Protoss Ground Weapons Level 3  
  126  11:55  Colossus (Chrono Boost)  
  132  12:02  Gateway, Shadow Stride  
  132  12:04  Gateway, Colossus (Chrono Boost)  
  132  12:06  Gateway  
  132  12:08  Gateway  
  138  12:09  Zealot  
  138  12:12  Nexus, Stalker  
  138  12:13  Pylon, Stalker x6  
  154  12:18  Probe x2  
  156  12:23  Probe x2  
  158  12:30  Probe x2  
  160  12:42  Observer (Chrono Boost)  
  147  12:49  Stalker x5  
  147  12:50  Stalker x3  
  163  12:52  Observer (Chrono Boost)  
  163  12:55  Assimilator  
  163  12:56  Assimilator  
  164  12:59  Photon Cannon  
  164  13:00  Photon Cannon, Pylon, Shield Battery  
  164  13:01  Warp Prism (Chrono Boost)  
  152  13:25  Disruptor (Chrono Boost)  
  127  13:27  Disruptor (Chrono Boost)  
  120  13:40  Dark Templar  
  120  13:41  Dark Templar x8  
  124  13:42  Dark Templar  
  124  13:44  Observer, Dark Templar  
  136  13:50  Probe  
  136  13:51  Probe  
  136  13:54  Disruptor  
  141  14:00  Stalker  
  143  14:16  Stalker x8  
  159  14:18  Zealot  
  151  14:34  Disruptor  
  151  14:38  Gravitic Drive  
  142  14:42  Stalker x3  
  142  14:43  Stalker x5  
  158  14:47  Dark Templar  
  147  15:02  Dark Templar x3  
  145  15:08  Zealot  
  145  15:09  Zealot x4  
  139  15:16  Zealot x3  
  140  15:27  Observer  
  137  15:34  Photon Cannon  
  137  15:36  Photon Cannon  
  137  15:37  Photon Cannon  
  137  15:39  Shield Battery x2  
  137  15:41  Pylon  
  137  15:46  Dark Templar x2  
  141  15:53  Immortal (Chrono Boost)  
  141  15:54  Disruptor (Chrono Boost)  
  148  16:08  Stalker x3  
  148  16:10  Shield Battery  
  154  16:12  Photon Cannon  
  154  16:13  Shield Battery  
  151  16:20  Observer (Chrono Boost), Dark Templar  
  151  16:23  Pylon  
  151  16:24  Shield Battery  
  154  16:26  Dark Templar  
  142  16:54  Stalker x7  
  114  17:12  Immortal (Chrono Boost), Stalker  
  114  17:13  Stalker x4  
  114  17:14  Immortal (Chrono Boost)  
  131  17:29  Dark Templar  
  133  17:33  Dark Templar  
Tags
 
Add a new tag
Caveats
  • Supply blocks, unpowered buildings, or Contaminate may cause inaccurate times.
  • Supply counts are checked every 10 seconds.